General information
- name: BNet
- type: Ladder team game (AT/RT)
- host: Battle.net
- saver: ThreesTabbers
map: Deadlands
- players: 8
- length: 30:59
- speed: Fast
- version: 1.26 W3XP
- replay type: Public
» download(184 KB)
Players
team 1 (loser)
Perfection (
teal | 56 APM | 1462 actions | 26:08)
6 Death Knight
3 Death Coil
2 Unholy Aura
1 Animate Dead
3 Lich
2 Frost Nova
1 Frost Armor
» actions
| Assign group hotkey | 287 | |
| Basic commands | 30 | |
| Build / train | 54 | |
| Enter build submenu | 11 | |
| Enter hero's abilities submenu | 9 | |
| Give item / drop item | 1 | |
| Right click | 486 | |
| Select / deselect | 175 | |
| Select group hotkey | 344 | |
| Use ability | 65 | |
1462 total
» units
| Acolyte | 2 | |
| Ghoul | 1 | |
| Crypt Fiend | 8 | |
| Obsidian Statue | 3 | |
14 total
» upgrades
| Creature Attack | 3 | |
| Destroyer Form | 1 | |
| Web | 1 | |
5 total
» buildings
| Graveyard | 1 | |
| Crypt | 1 | |
| Altar of Darkness | 1 | |
| Ziggurat | 5 | |
| Tomb of Relics | 1 | |
| Halls of the Dead | 1 | |
| Slaughterhouse | 1 | |
| Black Citadel | 2 | |
| Sacrificial Pit | 1 | |
14 total
» build order
00:13 Graveyard
00:18 Crypt
00:39 Altar of Darkness
00:43 Ziggurat
01:15 Tomb of Relics
01:50 Ziggurat
03:00 Halls of the Dead
03:10 Ziggurat
04:24 Ziggurat
05:33 Slaughterhouse
06:47 Black Citadel
09:12 Ziggurat
09:27 Sacrificial Pit
» items
| Rod of Necromancy | 5 | |
| Dust of Appearance | 1 | |
| Scroll of Town Portal | 1 | |
| Potion of Mana | 1 | |
| Potion of Healing | 1 | |
| Orb of Corruption | 4 | |
13 total

»
PacKeRs23 (
orange | 39 APM | 1216 actions | 30:57)
5 Death Knight
3 Death Coil
2 Unholy Aura
2 Lich
1 Frost Nova
1 Frost Armor
» actions
| Assign group hotkey | 20 | |
| Basic commands | 25 | |
| Build / train | 44 | |
| Enter build submenu | 29 | |
| Enter hero's abilities submenu | 8 | |
| Give item / drop item | 1 | |
| Right click | 615 | |
| Select / deselect | 229 | |
| Select group hotkey | 176 | |
| Use ability | 69 | |
1216 total
» units
| Acolyte | 14 | |
| Ghoul | 3 | |
| Crypt Fiend | 7 | |
| Obsidian Statue | 1 | |
25 total
» upgrades
| Creature Attack | 2 | |
| Web | 1 | |
| Destroyer Form | 1 | |
4 total
» buildings
| Graveyard | 2 | |
| Crypt | 3 | |
| Altar of Darkness | 2 | |
| Ziggurat | 12 | |
| Tomb of Relics | 1 | |
| Halls of the Dead | 2 | |
| Slaughterhouse | 2 | |
| Black Citadel | 1 | |
| Necropolis | 4 | |
| Spirit Tower | 1 | |
30 total
» build order
00:37 Graveyard
00:40 Crypt
00:44 Altar of Darkness
00:57 Ziggurat
01:18 Tomb of Relics
01:29 Ziggurat
01:34 Ziggurat
04:12 Halls of the Dead
04:27 Ziggurat
05:08 Ziggurat
07:13 Slaughterhouse
07:14 Slaughterhouse
09:36 Black Citadel
09:58 Necropolis
10:54 Ziggurat
10:55 Ziggurat
10:56 Ziggurat
13:46 Spirit Tower
14:33 Necropolis
16:43 Altar of Darkness
18:22 Ziggurat
18:23 Ziggurat
20:21 Halls of the Dead
20:39 Ziggurat
20:39 Ziggurat
21:43 Graveyard
22:48 Crypt
23:06 Crypt
29:23 Necropolis
29:26 Necropolis
» items
| Rod of Necromancy | 1 | |
| Potion of Healing | 1 | |
2 total

»
MiniZ (
green | 34 APM | 798 actions | 23:13)
3 Blademaster
1 Wind Walk
2 Critical Strike
2 Tauren Chieftain
1 War Stomp
1 Endurance Aura
» actions
| Basic commands | 9 | |
| Build / train | 46 | |
| Enter build submenu | 18 | |
| Enter hero's abilities submenu | 5 | |
| Remove unit from queue | 2 | |
| Right click | 439 | |
| Select / deselect | 214 | |
| Use ability | 65 | |
798 total
» units
| Peon | 12 | |
| Troll Witch Doctor | 11 | |
| Shaman | 1 | |
24 total
» upgrades
| Witch Doctor Training | 2 | |
| Shaman Training | 2 | |
| Reinforced Defenses | 1 | |
| Spiked Barricades | 1 | |
6 total
» buildings
| Orc Burrow | 8 | |
| Altar of Storms | 1 | |
| Voodoo Lounge | 1 | |
| War Mill | 1 | |
| Stronghold | 1 | |
| Fortress | 1 | |
| Spirit Lodge | 2 | |
| Great Hall | 5 | |
20 total
» build order
00:22 Orc Burrow
00:42 Altar of Storms
01:10 Voodoo Lounge
01:43 Orc Burrow
03:15 War Mill
03:43 Stronghold
04:51 Orc Burrow
06:05 Fortress
06:54 Spirit Lodge
06:57 Spirit Lodge
07:21 Orc Burrow
10:49 Great Hall
12:58 Great Hall
13:27 Great Hall
13:33 Orc Burrow
13:34 Orc Burrow
13:38 Orc Burrow
13:39 Orc Burrow
14:01 Great Hall
19:02 Great Hall
» items
| Healing Salve | 1 | |
| Lesser Clarity Potion | 3 | |
| Scroll of Town Portal | 2 | |
| Orb of Lightning | 1 | |
7 total
HOLLAATMEDAWG (
purple | 57 APM | 1776 actions | 30:57)
3 Mountain King
2 Storm Bolt
1 Bash
» actions
| Assign group hotkey | 42 | |
| Basic commands | 156 | |
| Build / train | 60 | |
| Enter build submenu | 17 | |
| Enter hero's abilities submenu | 3 | |
| Give item / drop item | 2 | |
| Right click | 525 | |
| Select / deselect | 221 | |
| Select group hotkey | 696 | |
| Use ability | 54 | |
1776 total
» units
| Peasant | 10 | |
| Gryphon Rider | 7 | |
| Goblin Shredder | 4 | |
| Goblin Sapper | 3 | |
| Dragonhawk Rider | 6 | |
30 total
» upgrades
| Masonry | 1 | |
| Lumber Harvesting | 1 | |
| Swords | 2 | |
| Armor | 1 | |
5 total
» buildings
| Altar of Kings | 1 | |
| Farm | 16 | |
| Scout Tower | 1 | |
| Arcane Tower | 2 | |
| Keep | 2 | |
| Lumber Mill | 1 | |
| Blacksmith | 1 | |
| Castle | 2 | |
| Gryphon Aviary | 3 | |
| Town Hall | 1 | |
| Arcane Vault | 1 | |
31 total
» build order
00:16 Altar of Kings
00:22 Farm
01:38 Scout Tower
02:05 Arcane Tower
02:08 Keep
02:08 Keep
02:19 Lumber Mill
02:38 Farm
02:49 Blacksmith
03:13 Farm
03:15 Farm
04:34 Castle
04:34 Castle
04:38 Gryphon Aviary
05:05 Gryphon Aviary
05:21 Farm
05:21 Farm
05:23 Farm
08:46 Farm
08:46 Farm
08:47 Farm
08:47 Farm
08:47 Farm
08:54 Farm
08:54 Farm
10:55 Farm
10:55 Farm
13:49 Town Hall
15:58 Gryphon Aviary
16:28 Arcane Vault
» items
| Potion of Healing | 6 | |
| Scroll of Town Portal | 4 | |
| Potion of Lesser Invulnerability | 1 | |
| Staff of Teleportation | 1 | |
12 total
team 2 (winner)
jerk4life23 (
yellow | 59 APM | 734 actions | 12:31)
2 Tauren Chieftain
1 Shockwave
1 Endurance Aura
1 Shadow Hunter
1 Healing Wave
» actions
| Assign group hotkey | 17 | |
| Basic commands | 28 | |
| Build / train | 47 | |
| ESC pressed | 2 | |
| Enter build submenu | 16 | |
| Enter hero's abilities submenu | 3 | |
| Right click | 246 | |
| Select / deselect | 217 | |
| Select group hotkey | 134 | |
| Use ability | 24 | |
734 total
» units
» upgrades
| Berserker Strength | 1 | |
| Melee Weapons | 1 | |
| Shaman Training | 2 | |
| Armor | 1 | |
5 total
» buildings
| Altar of Storms | 1 | |
| Orc Burrow | 4 | |
| Barracks | 1 | |
| Voodoo Lounge | 1 | |
| Stronghold | 1 | |
| Great Hall | 2 | |
| War Mill | 1 | |
| Spirit Lodge | 2 | |
| Fortress | 3 | |
| Tauren Totem | 1 | |
17 total
» build order
00:06 Altar of Storms
00:14 Orc Burrow
00:29 Barracks
01:28 Orc Burrow
02:13 Voodoo Lounge
02:52 Orc Burrow
04:21 Stronghold
05:01 Great Hall
05:17 War Mill
06:00 Great Hall
06:59 Spirit Lodge
07:48 Fortress
07:48 Fortress
07:48 Fortress
09:19 Orc Burrow
09:44 Spirit Lodge
10:20 Tauren Totem

»
ROFLMYTEAMSUCKS (
blue | 54 APM | 671 actions | 12:24)
2 Archmage
1 Summon Water Elemental
1 Brilliance Aura
1 Mountain King
1 Storm Bolt
» actions
| Assign group hotkey | 15 | |
| Basic commands | 21 | |
| Build / train | 51 | |
| Enter build submenu | 23 | |
| Enter hero's abilities submenu | 3 | |
| Remove unit from queue | 2 | |
| Right click | 228 | |
| Select / deselect | 180 | |
| Select group hotkey | 95 | |
| Use ability | 53 | |
671 total
» units
| Peasant | 17 | |
| Footman | 13 | |
| Gryphon Rider | 3 | |
33 total
» upgrades
| Lumber Harvesting | 1 | |
| Defend | 1 | |
2 total
» buildings
| Farm | 9 | |
| Barracks | 1 | |
| Altar of Kings | 1 | |
| Scout Tower | 5 | |
| Arcane Tower | 2 | |
| Lumber Mill | 1 | |
| Town Hall | 1 | |
| Guard Tower | 3 | |
| Keep | 1 | |
| Gryphon Aviary | 3 | |
| Castle | 1 | |
| Arcane Vault | 1 | |
29 total
» build order
00:35 Farm
00:39 Barracks
00:42 Altar of Kings
01:02 Farm
01:21 Farm
01:51 Farm
02:31 Scout Tower
02:34 Farm
03:03 Arcane Tower
03:30 Lumber Mill
04:32 Town Hall
04:34 Scout Tower
04:35 Scout Tower
04:36 Scout Tower
04:38 Scout Tower
05:03 Guard Tower
05:04 Guard Tower
05:08 Guard Tower
05:10 Arcane Tower
06:38 Keep
09:15 Gryphon Aviary
09:17 Gryphon Aviary
09:18 Gryphon Aviary
09:23 Farm
09:25 Farm
09:26 Farm
09:30 Farm
09:42 Castle
10:52 Arcane Vault
ThreesTabbers (
red | 95 APM | 2941 actions | 30:59)
5 Mountain King
3 Storm Bolt
2 Bash
» actions
| Assign group hotkey | 61 | |
| Basic commands | 79 | |
| Build / train | 165 | |
| ESC pressed | 4 | |
| Enter build submenu | 42 | |
| Enter hero's abilities submenu | 5 | |
| Give item / drop item | 4 | |
| Right click | 1345 | |
| Select / deselect | 346 | |
| Select group hotkey | 731 | |
| Use ability | 159 | |
2941 total
» units
| Peasant | 11 | |
| Footman | 13 | |
| Mortar Team | 9 | |
| Sorceress | 2 | |
35 total
» upgrades
| Defend | 1 | |
| Swords | 2 | |
| Masonry | 3 | |
| Gunpowder | 3 | |
| Lumber Harvesting | 1 | |
| Sorceress Training | 2 | |
| Armor | 3 | |
| Fragmentation Shards | 1 | |
16 total
» buildings
| Farm | 7 | |
| Barracks | 1 | |
| Altar of Kings | 1 | |
| Arcane Vault | 1 | |
| Lumber Mill | 2 | |
| Scout Tower | 31 | |
| Arcane Tower | 5 | |
| Keep | 4 | |
| Blacksmith | 1 | |
| Guard Tower | 51 | |
| Castle | 4 | |
| Workshop | 2 | |
| Arcane Sanctum | 1 | |
| Town Hall | 2 | |
| Cannon Tower | 6 | |
119 total
» build order
00:55 Farm
00:59 Barracks
01:02 Altar of Kings
01:09 Farm
01:27 Farm
02:00 Farm
02:16 Arcane Vault
02:25 Lumber Mill
02:29 Lumber Mill
02:44 Farm
03:11 Scout Tower
03:26 Farm
03:42 Arcane Tower
03:42 Arcane Tower
03:42 Arcane Tower
03:42 Arcane Tower
05:17 Keep
05:17 Keep
05:17 Keep
05:38 Blacksmith
06:03 Scout Tower
06:08 Scout Tower
06:10 Scout Tower
06:11 Scout Tower
06:19 Scout Tower
07:03 Guard Tower
07:03 Guard Tower
07:04 Guard Tower
07:19 Guard Tower
07:20 Guard Tower
07:40 Castle
07:41 Castle
07:41 Castle
09:25 Farm
09:28 Workshop
09:30 Workshop
10:29 Scout Tower
10:34 Scout Tower
11:23 Arcane Sanctum
11:32 Guard Tower
11:32 Guard Tower
11:33 Guard Tower
11:33 Guard Tower
11:38 Scout Tower
11:38 Scout Tower
12:49 Guard Tower
15:30 Scout Tower
15:31 Scout Tower
15:33 Scout Tower
18:36 Guard Tower
18:37 Guard Tower
18:37 Guard Tower
23:13 Town Hall
23:15 Scout Tower
23:16 Scout Tower
23:16 Scout Tower
23:17 Scout Tower
23:29 Scout Tower
23:30 Scout Tower
23:31 Scout Tower
23:31 Scout Tower
23:53 Guard Tower
23:53 Guard Tower
24:43 Cannon Tower
24:44 Cannon Tower
24:44 Cannon Tower
24:44 Cannon Tower
24:47 Guard Tower
24:47 Guard Tower
24:48 Guard Tower
24:48 Guard Tower
24:48 Guard Tower
24:48 Guard Tower
26:59 Town Hall
27:01 Scout Tower
27:01 Scout Tower
27:03 Scout Tower
27:06 Scout Tower
27:11 Scout Tower
27:12 Scout Tower
27:12 Scout Tower
27:13 Scout Tower
27:14 Scout Tower
27:16 Scout Tower
27:32 Guard Tower
27:33 Guard Tower
27:33 Guard Tower
27:36 Guard Tower
27:37 Guard Tower
27:37 Guard Tower
27:37 Guard Tower
27:39 Guard Tower
27:39 Guard Tower
27:40 Guard Tower
27:55 Guard Tower
27:56 Guard Tower
30:20 Guard Tower
30:21 Guard Tower
30:21 Guard Tower
» items
| Lesser Clarity Potion | 2 | |
| Mechanical Critter | 3 | |
| Scroll of Regeneration | 4 | |
| Scroll of Town Portal | 5 | |
| Staff of Sanctuary | 1 | |
| Boots of Speed | 1 | |
| Potion of Healing | 1 | |
17 total
HaventEarnedIt (
pink | 46 APM | 1418 actions | 30:57)
4 Archmage
2 Summon Water Elemental
2 Brilliance Aura
» actions
| Assign group hotkey | 45 | |
| Basic commands | 82 | |
| Build / train | 87 | |
| Enter build submenu | 68 | |
| Enter hero's abilities submenu | 4 | |
| Remove unit from queue | 3 | |
| Right click | 501 | |
| Select / deselect | 324 | |
| Select group hotkey | 193 | |
| Use ability | 111 | |
1418 total
» units
| Peasant | 21 | |
| Footman | 4 | |
| Goblin Shredder | 3 | |
| Siege Engine | 8 | |
36 total
» upgrades
| Masonry | 3 | |
| Gunpowder | 3 | |
| Plating | 3 | |
| Barrage | 1 | |
10 total
» buildings
| Altar of Kings | 1 | |
| Barracks | 1 | |
| Farm | 8 | |
| Lumber Mill | 2 | |
| Town Hall | 2 | |
| Scout Tower | 42 | |
| Arcane Tower | 1 | |
| Guard Tower | 26 | |
| Keep | 1 | |
| Arcane Vault | 1 | |
| Castle | 1 | |
| Gryphon Aviary | 4 | |
| Blacksmith | 2 | |
| Workshop | 3 | |
95 total
» build order
00:36 Altar of Kings
00:37 Barracks
00:50 Farm
00:52 Farm
01:05 Farm
01:34 Farm
03:15 Lumber Mill
04:15 Town Hall
04:19 Scout Tower
04:19 Scout Tower
04:20 Scout Tower
04:20 Scout Tower
04:45 Scout Tower
05:20 Arcane Tower
05:40 Guard Tower
05:41 Guard Tower
06:26 Guard Tower
06:49 Keep
07:54 Scout Tower
07:54 Scout Tower
07:55 Scout Tower
07:59 Scout Tower
07:59 Scout Tower
07:59 Scout Tower
08:34 Guard Tower
09:05 Guard Tower
10:59 Scout Tower
10:59 Scout Tower
11:19 Scout Tower
11:19 Scout Tower
11:22 Scout Tower
11:22 Scout Tower
11:33 Guard Tower
11:34 Guard Tower
11:38 Guard Tower
11:38 Guard Tower
11:47 Guard Tower
11:47 Guard Tower
11:47 Guard Tower
11:59 Guard Tower
12:03 Arcane Vault
12:39 Scout Tower
12:41 Scout Tower
12:42 Scout Tower
12:45 Scout Tower
12:52 Lumber Mill
13:03 Scout Tower
13:14 Castle
13:45 Guard Tower
14:01 Scout Tower
14:01 Scout Tower
14:02 Scout Tower
14:06 Scout Tower
14:06 Scout Tower
14:35 Guard Tower
14:37 Guard Tower
14:37 Guard Tower
14:38 Guard Tower
14:38 Guard Tower
14:41 Guard Tower
15:23 Scout Tower
15:25 Scout Tower
15:46 Scout Tower
15:47 Scout Tower
15:48 Scout Tower
15:50 Scout Tower
15:52 Scout Tower
15:57 Scout Tower
16:25 Guard Tower
16:29 Farm
17:12 Guard Tower
17:30 Gryphon Aviary
17:30 Gryphon Aviary
17:34 Gryphon Aviary
17:36 Gryphon Aviary
17:44 Blacksmith
17:47 Blacksmith
19:01 Workshop
19:02 Workshop
19:02 Workshop
19:08 Scout Tower
19:09 Scout Tower
19:10 Scout Tower
19:11 Scout Tower
19:11 Scout Tower
19:54 Guard Tower
20:20 Guard Tower
20:23 Farm
20:45 Farm
20:45 Farm
25:00 Town Hall
» items
| Potion of Healing | 1 | |
| Scroll of Town Portal | 1 | |
| Mechanical Critter | 2 | |
4 total
Chat log
(00:07 / All) HOLLAATMEDAWG: wtf they took out this map
(00:21 / All) HaventEarnedIt: Apparently not,
(00:27 / All) ROFLMYTEAMSUCKS: reset got rid of new maps brought old back
(00:44 / All) HOLLAATMEDAWG: what reset
(00:46 / All) HaventEarnedIt: Problem?
(00:54 / All) HOLLAATMEDAWG: this map wasnt in pool a week ago
(00:58 / All) jerk4life23: God I fcking hate niggers
(01:01 / All) HaventEarnedIt: Problem?
(01:13 / All) HaventEarnedIt: Preaching to the choir, yellow
(01:24 / All) jerk4life23: u hate niggers too?
(01:29 / All) HaventEarnedIt: Everyone does
(01:43 / All) HaventEarnedIt: Just can't mention it in polite company
(01:54 / All) jerk4life23: Fcking niggers
(02:00 / All) jerk4life23: Disgusting creatures
(03:14 / All) jerk4life23: Niggers always has to pull the fcking race card all the time
(04:00 / All) HaventEarnedIt: cool
(04:56 / Allies) HaventEarnedIt: gold
(05:10 / All) HaventEarnedIt: nice
(05:14 / All) HaventEarnedIt: you have two hackers
(05:19 / Allies) ROFLMYTEAMSUCKS: tower it
(05:44 / Allies) ROFLMYTEAMSUCKS: pink
(05:46 / Allies) ROFLMYTEAMSUCKS: tower it now
(05:55 / All) HaventEarnedIt: omg
(06:27 / Allies) jerk4life23: red comes late asf
(06:29 / Allies) jerk4life23: GG
(07:00 / All) ROFLMYTEAMSUCKS: what just happened lol
(07:10 / All) ROFLMYTEAMSUCKS: did the reset make everyone retarded
(07:12 / Allies) HaventEarnedIt: they have 2 hackers
(07:18 / Allies) ROFLMYTEAMSUCKS: pink
(07:20 / Allies) ROFLMYTEAMSUCKS: idk what they have
(07:24 / Allies) ROFLMYTEAMSUCKS: ur playing like shit
(07:25 / Allies) HaventEarnedIt: green adn teal hack
(07:29 / Allies) HaventEarnedIt: Thanks
(07:36 / Allies) HaventEarnedIt: I'm playing like shit vs hackers
(07:39 / Allies) HaventEarnedIt: that see my every move
(08:13 / Allies) ROFLMYTEAMSUCKS: red
(08:17 / Allies) ROFLMYTEAMSUCKS: wtf are you doing
(08:23 / All) jerk4life23: FCKING SERIous
(08:27 / All) jerk4life23: WTH ARE THESE RETARDS DOING???\
(08:54 / Allies) jerk4life23: this is fcking over u guys are fcking retarded
(08:58 / All) HaventEarnedIt: Piece of shit hacker
(09:05 / All) ROFLMYTEAMSUCKS: lol
(09:12 / All) HaventEarnedIt: HMM
(09:14 / All) HaventEarnedIt: I won't help my allies
(09:21 / All) HaventEarnedIt: I'll go to the guy plopping down towers to cancel them
(09:26 / All) HaventEarnedIt: How can I see them? WITH A FUCKING HACK YEAH THAT'S IT
(09:58 / Allies) jerk4life23: Wow
(10:00 / Allies) jerk4life23: pink
(10:02 / Allies) jerk4life23: 2k gold really?
(10:04 / Allies) jerk4life23: fcking fagget
(10:12 / Allies) ROFLMYTEAMSUCKS: thats what im saying
(10:14 / Allies) ROFLMYTEAMSUCKS: hes not even doing good
(10:25 / Allies) jerk4life23: fcking fagget
(10:39 / Allies) jerk4life23: AND FCKING BLUE
(10:40 / Allies) jerk4life23: 2k gold
(10:43 / Allies) jerk4life23: wth are u saving that for?
(10:45 / Allies) HaventEarnedIt: rofl
(10:50 / Allies) HaventEarnedIt: Blue stfu you fucking queer
(10:50 / Allies) ThreesTabbers: can you assholes stop whining plz
(10:53 / Allies) jerk4life23: seriously
(11:06 / Allies) HaventEarnedIt: You have no one denying your expo
(11:13 / Allies) HaventEarnedIt: no bm harassing you
(11:14 / Allies) HaventEarnedIt: exc
(11:17 / Allies) HaventEarnedIt: stfu
(11:31 / All) jerk4life23: These 3 humans have fcking 2k gold in bank
(11:48 / All) ROFLMYTEAMSUCKS: lol
(11:51 / All) ROFLMYTEAMSUCKS: whole team is crying
(11:53 / All) HOLLAATMEDAWG: im ting dont hit me
(11:55 / All) jerk4life23: wow 4k now
(11:56 / All) HaventEarnedIt: You are crying blue
(11:57 / All) jerk4life23: With blue
(12:11 / All) HaventEarnedIt: look at him
(12:11 / All) jerk4life23: WTH
(12:19 / All) jerk4life23: WHYH DO U HAVE 2k IN UR FCKING BANK!?!?!?!?!?!?!?!?!
(12:28 / All) jerk4life23: WHY THE FCK ARE U N OIT GETTING UNITS???
(12:33 / All) HaventEarnedIt: look at green 100% mh
(14:07 / All) Perfection: red gona rape pink hard lOL
(14:18 / All) HaventEarnedIt: what do you mean
(14:24 / All) HaventEarnedIt: you think he's gonna mort me you see through the fog?
(14:35 / All) Perfection: ye
(15:46 / All) Perfection: red pro hacks
(15:47 / All) Perfection: LOL
(15:52 / All) Perfection: why cry pink
(16:06 / All) HaventEarnedIt: red isn't bm harassing me or denying my expo with hack
(16:08 / All) HaventEarnedIt: that's why faggot
(16:18 / All) Perfection: so makes it ok for him to hack
(16:30 / All) Perfection: i get ur point
(16:34 / All) Perfection: a bm harras
(16:40 / All) HaventEarnedIt: he's 0-0
(16:43 / All) Perfection: no im not
(16:45 / All) Perfection: i tk last game
(16:48 / All) Perfection: to find game
(16:48 / All) HaventEarnedIt: 8-3 try hard ud hacker
(16:51 / All) HaventEarnedIt: yeah okay
(16:58 / All) Perfection: pro file me
(17:01 / All) Perfection: i dont need to win
(17:06 / All) HaventEarnedIt: but you need to hack
(17:10 / All) ThreesTabbers: we've raped you before clown
(17:14 / All) Perfection: how do i hack
(17:23 / All) Perfection: please tell me how
(19:09 / All) Perfection: ok so no explain
(19:11 / All) Perfection: how i hack
(19:12 / All) Perfection: lol
(19:18 / All) HaventEarnedIt: ...
(19:29 / All) HaventEarnedIt: "red is gonna rape pink hard" because you saw mortars in fog
(19:37 / All) Perfection: ye in fog
(19:39 / All) Perfection: or shade?
(19:42 / All) Perfection: ?
(19:43 / All) HaventEarnedIt: 100% not shade
(19:46 / All) HaventEarnedIt: because red hacks too
(19:48 / All) Perfection: how do u knowthat
(19:50 / All) HaventEarnedIt: So don't deny it pussy
(19:52 / All) Perfection: ok well there is a shade
(19:55 / All) Perfection: check replay
(19:57 / All) HOLLAATMEDAWG: kodos forsaken said u hacked so u hack
(19:58 / All) Perfection: or do u hack?
(20:00 / Allies) HaventEarnedIt: Red is there a shade?
(20:04 / All) ThreesTabbers: where
(20:05 / Allies) HaventEarnedIt: was there?
(20:06 / All) Perfection: kodos played with me
(20:08 / All) HaventEarnedIt: exactly
(20:08 / All) Perfection: llol
(20:10 / All) Perfection: how do i hack
(20:11 / All) HaventEarnedIt: You hack
(20:14 / All) HaventEarnedIt: Red confirms it
(20:17 / All) HaventEarnedIt: Replay confirmed it last game
(21:15 / Allies) HaventEarnedIt: Jake always expects us to do all the owrk
(21:20 / All) MiniZ: his friends reatrd lol
(21:23 / Allies) HaventEarnedIt: and then when we get upset "relax" "stop whining"
(21:32 / Allies) HaventEarnedIt: look at him whine "DO SOMETHING OMG IM GONNA LEAVE HURP DURP"
(22:17 / All) MiniZ: friends dont last, they fuck each other girls
(22:17 / Allies) ThreesTabbers: they're just turtling at oj's new base
(22:21 / Allies) HaventEarnedIt: Let's hit his expansion
(22:21 / Allies) HaventEarnedIt: at yellows
(22:28 / Allies) ThreesTabbers: aight
(22:30 / All) MiniZ: i bet purple ur girls red fuck couple time
(23:08 / All) ThreesTabbers: CHRIST STOP LAGGING WTF
(23:54 / Allies) HaventEarnedIt: ping expos of theirs
(24:03 / Allies) ThreesTabbers: just that
(24:09 / Allies) HaventEarnedIt: the one here
(24:12 / Allies) HaventEarnedIt: ?
(24:14 / Allies) ThreesTabbers: yeah
(24:23 / All) ThreesTabbers: UPGRADE YOUR FUCKING DIAL UP
(24:35 / Allies) ThreesTabbers: revealed em all for you
(25:56 / All) HaventEarnedIt: lawl
(26:00 / All) Perfection: gg guys
(26:03 / All) ThreesTabbers: OUT
(26:08 / All) HaventEarnedIt: I bet you had 3 hackers tbh
(26:50 / All) ThreesTabbers: I need to just go rifles when we're up against decent players
(26:52 / All) ThreesTabbers: rifle casters
(26:54 / All) ThreesTabbers: rather than tech
(26:57 / All) HOLLAATMEDAWG: dont speak for green
(28:01 / Allies) HaventEarnedIt: This is what I mean
(28:11 / Allies) ThreesTabbers: he's a prick
(28:15 / Allies) HaventEarnedIt: Admits no fault
(28:25 / Allies) ThreesTabbers: and says we played like shit
(28:31 / Allies) HaventEarnedIt: hypocrite extraordinaire
(28:33 / Allies) ThreesTabbers: you just assumed no bm and were creeping
(28:37 / Allies) ThreesTabbers: so of course it fucked you
(28:42 / Allies) HaventEarnedIt: Yeah
(28:43 / Allies) ThreesTabbers: we played fine
(28:44 / Allies) HaventEarnedIt: I had no mana tower
(28:47 / Allies) HaventEarnedIt: was never told to get one
(28:51 / Allies) ThreesTabbers: but we probably should've gone more standard shit
(28:54 / Allies) HaventEarnedIt: I assumed either he or you would tell me
(28:55 / Allies) ThreesTabbers: ddin't know they were all hacks
(29:00 / Allies) ThreesTabbers: hacks fiendbots
(29:13 / Allies) ThreesTabbers: I should've been watching
(29:20 / Allies) ThreesTabbers: but I thought you'd tower a bit since they were going to hit me
(29:38 / All) ThreesTabbers: Anything to say for yourself orange?
(29:41 / Allies) HaventEarnedIt: I was gonna try to expand
(29:44 / All) PacKeRs23: nah
(29:46 / All) HOLLAATMEDAWG: he keeps saying "play legit plz"
(29:46 / Allies) HaventEarnedIt: and if it got denied by teal
(29:50 / All) PacKeRs23: if you have to cheat to win
(29:51 / Allies) HaventEarnedIt: I was going to just turtle in my base
(29:51 / All) ThreesTabbers: 4-3
(29:54 / All) PacKeRs23: youre staying the whole tiem
(29:55 / All) PacKeRs23: lol
(29:57 / All) HOLLAATMEDAWG: its not hard logic oj. teal hacks
(30:05 / All) ThreesTabbers: complain we cheat
(30:06 / All) PacKeRs23: why punish us for it
(30:08 / All) ThreesTabbers: yet your team is all hackers
(30:09 / All) ThreesTabbers: LOL
(30:44 / All) HOLLAATMEDAWG: they could have taken me if they tped to teal
(30:53 / All) HOLLAATMEDAWG: destroyers dk lich x 2 and or cheroes with orbs plus casters